 Dungeon Crawl Stone Soup version 0.30-a0-585-g93115170b9 (webtiles) character file.

Game seed: 8069453965178338786

4111 sokol815 the Spear-Bearer (level 10, -1/60 HPs)
             Began as an Octopode Brigand on Jan 2, 2023.
             Was an Initiate of Gozag.
             Slain by a bullfrog (5 damage)
             ... on level 8 of the Dungeon.
             The game lasted 00:14:22 (6111 turns).

sokol815 the Spear-Bearer (Octopode Brigand)        Turns: 6111, Time: 00:14:23

Health: -1/60      AC:  3    Str: 12    XL:     10   Next: 26%
Magic:  10/10      EV: 13    Int: 13    God:    Gozag
Gold:   496        SH:  0    Dex: 17    Spells: 1/9 levels left

rFire   . . .      SeeInvis .    b - +3 dagger
rCold   . . .      Faith    .    (no shield)
rNeg    . . .      Spirit   .    m - +2 hat
rPois   .          Reflect  .    g - amulet of regeneration
rElec   .          Harm     .    (no ring)
rCorr   .          Rampage  .    (no ring)
Will    .....                    (no ring)
Stlth   ++++                     (no ring)
HPRegen 1.10/turn                (no ring)
MPRegen 0.12/turn                (no ring)
                                 (no ring)
                                 (no ring)

@: gold aura
A: almost no armour, amphibious, 8 rings, camouflage 1, gelatinous body 1,
(nimble swimmer 1), tentacles
a: Renounce Religion, Potion Petition, Call Merchant, Bribe Branch


You were on level 8 of the Dungeon.
You worshipped Gozag.
Gozag was aware of your devotion.
You visited 2 branches of the dungeon, and saw 9 of its levels.

You collected 579 gold pieces.
You paid 83 gold pieces to Gozag.

Inventory:

Hand Weapons
 a - a +3 spear of venom
   (You found it on level 1 of the Dungeon)
 b - a +3 dagger (weapon)
 d - a +0 heavy hand axe
   (You took it off an orc on level 3 of the Dungeon)
 r - a +0 whip of electrocution
   (You took it off an orc on level 8 of the Dungeon)
 t - the +4 war axe "Equozaoxoi" {venom, *Slow rPois Int+3}
   (You found it on level 8 of the Dungeon)

   It poisons the flesh of those it strikes.
   Int:       It affects your intelligence (+3).
   rPois:     It protects you from poison.
   *Slow:     It may slow you when you take damage.
Missiles
 c - 4 curare-tipped darts
 l - 41 poisoned darts (quivered)
 o - 3 javelins
 s - 53 stones
Armour
 m - a +2 hat (worn)
   (You found it on level 5 of the Dungeon)
Magical Staves
 f - a staff of death {rN+}
   (You found it on level 1 of the Dungeon)
Jewellery
 g - an amulet of regeneration (around mantle)
   (You found it on level 1 of the Dungeon)
 p - an amulet of guardian spirit
   (You found it on level 7 of the Dungeon)
Wands
 e - a wand of charming (13)
   (You found it on level 5 of the Dungeon)
 i - a wand of iceblast (6)
   (You found it on level 5 of the Dungeon)
 q - a wand of flame (10)
   (You found it on level 7 of the Dungeon)
Scrolls
 n - a scroll of brand weapon
 X - a scroll of magic mapping {@r4!r}
Potions
 h - a potion of mutation {unknown}
 j - 3 potions of attraction {!q}
 k - a potion of magic
 B - 2 potions of brilliance
 J - 2 potions of curing {@q1}
 L - a potion of flight
 M - 2 potions of might


   Skills:
 - Level 2.0 Fighting
 - Level 3.0 Short Blades
 - Level 12.0 Polearms
 - Level 2.0 Throwing
 - Level 1.0 Dodging
 - Level 5.3 Stealth
 + Level 7.8 Ice Magic


You had one spell level left.
You knew the following spells:

 Your Spells              Type           Power      Damage    Failure   Level
a - Frozen Ramparts       Ice            40%        1d7       3%          3
b - Freezing Cloud        Conj/Ice/Air   3%         6-21      96%         5

Your spell library contained the following spells:

 Spells                   Type           Power      Damage    Failure   Level
 Freeze                   Ice            80%        1d9       1%          1
 Hailstorm                Conj/Ice       10%        3d5       19%         3
 Blink                    Tloc           0%         N/A       43%         2
 Momentum Strike          Conj/Tloc      0%         3d8       43%         2
 Sublimation of Blood     Necr           0%         N/A       43%         2
 Wereblood                Tmut           0%         N/A       43%         2
 Ignite Poison            Fire/Tmut/Pois 0%         N/A       67%         3
 Kindle Blastsparks       Fire/Tloc/Air  0%         2d10      67%         3
 Lesser Beckoning         Tloc           0%         N/A       67%         3
 Summon Hydra             Summ           0%         N/A       100%        7


Dungeon Overview and Level Annotations

Branches:
Dungeon (8/15) Zot: 26382  Temple (1/1) D:6 Zot: 5952
   Lair: D:8-11

Altars:
Ashenzari
Gozag
Hepliaklqana
Makhleb
Qazlal
Uskayaw
Xom
Zin

Shops:
D:5 :   D:6 [

Annotations:
D:3 3 runed translucent doors, AuraOfTheDawn's ghost, amateur DrMo; Esekla's ghost, weakling OpDe; arthad's ghost, weakling FoEE; ragingrage's ghost, weakling TeWr
D:7 1 runed translucent door, Crazy Yiuf
D:8 Psyche


Innate Abilities, Weirdness & Mutations

You cannot wear most types of armour.
You are amphibious.
You can wear up to eight rings at the same time.
Your skin changes colour to match your surroundings (Stealth+).
Your rubbery body absorbs attacks. (AC +1, EV +1)
((You are camouflaged when in or above water. (Stealth+)))
You have tentacles for arms and can constrict up to eight enemies at once.


Message History

You grab the scorpion. You constrict the scorpion.
You hear a shout!
The killer bee is no longer distracted by gold.
The scorpion barely misses you.
The killer bee is distracted by your dazzling golden aura.
The killer bee buzzes angrily.
You hit the scorpion.
The scorpion looks as sick as possible!
You constrict the scorpion.
You hear a bellow!
You hit the scorpion. Your squeeze misses the scorpion.
You constrict the scorpion.
The wyvern is no longer distracted by gold.
The scorpion stings you but does no damage.
You hit the scorpion.
The scorpion looks as sick as possible!
You squeeze the scorpion. You constrict the scorpion.
You kill the scorpion!
The killer bee seems to regain its courage.
The killer bee is no longer distracted by gold.
The killer bee is distracted by your dazzling golden aura.
The wyvern is distracted by your dazzling golden aura.
The water moccasin is distracted by your dazzling golden aura.
There is a stone staircase leading up, spattered with blood here.
You see here 9 gold pieces.
You climb upwards.
Level annotation: 1 runed translucent door, Crazy Yiuf
There is a stone staircase leading down here.
You regained 2 hp, and now have 22/60 hp.
You start resting.
Health restored: 60; MP restored: 10
There is an open door here.
There is a stone staircase leading down here.
You climb downwards.
Level annotation: Psyche The cyclops shouts!
You hear a croak.
The cyclops throws a large rock.
The large rock hits you!!!
Ouch! That really hurt!
A bullfrog comes into view.
There is a stone staircase leading up, spattered with blood here.
You take 39 damage, and have 21/60 hp.
MASSIVE DAMAGE!!
You climb upwards.
Level annotation: 1 runed translucent door, Crazy Yiuf
There is a stone staircase leading down here.
You regained 3 hp, and now have 24/60 hp.
You start resting.
Health restored: 60 You fade into invisibility!
You climb downwards.
Level annotation: Psyche The cyclops throws a large rock.
The large rock hits you!!
There is a stone staircase leading up, spattered with blood here.
You take 25 damage, and have 35/60 hp.
MASSIVE DAMAGE!!
Here: a cyclops, quivering large rocks (unable to see you)
The floor.
Your +3 spear of venom stops dripping with poison.
b - a +3 dagger (weapon)
The cyclops closely misses you.
You puncture the cyclops! The cyclops hits you.
You take 3 damage, and have 36/60 hp.
You catch the helpless cyclops completely off-guard!
You impale the cyclops!! You squeeze the cyclops. You hit the cyclops.
The cyclops hits you!
You take 10 damage, and have 27/60 hp.
You completely miss the cyclops. You squeeze the cyclops! You hit the cyclops.
You squeeze the cyclops, but do no damage.
The cyclops barely misses you.
You hit the cyclops but do no damage. You squeeze the cyclops.
The cyclops hits you!!
* * * LOW HITPOINT WARNING * * *
You take 28 damage, and have 2/60 hp.
MASSIVE DAMAGE!!
You hit the cyclops.
You kill the cyclops!
Things that are here:
15 gold pieces; 4 large rocks You flicker for a moment.
A centaur warrior comes into view.
Things that are here:
15 gold pieces; 4 large rocks The bullfrog croaks.
The centaur warrior shouts!
Psyche shouts!
You hit the bullfrog. Your grab misses the bullfrog. The bullfrog hits you.
* * * LOW HITPOINT WARNING * * *
You closely miss the bullfrog. Your grab misses the bullfrog.
The centaur warrior shouts!
You hit the bullfrog. Your grab misses the bullfrog.
Your squeeze misses the bullfrog.
You flicker back into view.
The bullfrog barely misses you.
The centaur warrior shoots an arrow.
The arrow hits you!
* * * LOW HITPOINT WARNING * * *
Psyche mumbles some strange words.
Psyche flickers and vanishes!
Deactivating autopickup; reactivate with Ctrl-A.
The bullfrog misses you.
You take 8 damage, and have 3/60 hp.
The bullfrog hits you.
You die...
Your body crumbles into a pile of gold.

.... ....
..# ..#
##########
..#
........<#
..#
.........#
..#
#######..#
..#
...@..#..#
..#
......#F@#
..# .?$/.
#$.# ..#
c$:$.....#
..#
.($$..#..#
..#
......#..#
..# {....
#..# ..#
##### #..#
..# ...#
..# ...#


You could see a bullfrog.

Vanquished Creatures
  Pikel (D:7)
  A cyclops (D:8)
  Prince Ribbit (D:5)
  Sigmund (D:5)
  A steam dragon (D:8)
  Menkaure (D:7)
  Duvessa (D:5)
  2 ice beasts
  An orc warrior (D:7)
  3 black bears
  A centaur (D:6)
  A lemure (D:7)
  2 phantoms
  2 kobold brigands (D:8)
  2 necrophages
  3 bullfrogs
  4 scorpions
  Dowan (D:5)
  3 killer bees (D:8)
  A howler monkey (D:6)
  5 hounds
  4 jellies
  2 orc priests
  4 iguanas
  Natasha (thrice) (D:2)
  4 orc wizards
  Robin (D:2)
  5 gnolls
  7 adders
  4 shadow imps
  A white imp (D:7)
  3 ufetubi
  A worm (D:3)
  4 dart slugs
  17 orcs
  4 ball pythons
  5 endoplasms
  4 giant cockroaches
  16 hobgoblins
  4 jackals
  4 quokkas
  4 bats
  3 frilled lizards
  15 goblins
  12 kobolds
  5 rats
174 creatures vanquished.

Vanquished Creatures (others)
  6 demonic plants (D:8)
  52 fungi (D:8)
  58 plants (D:8)
116 creatures vanquished.

Grand Total: 290 creatures vanquished

Notes
Turn   | Place    | Note
-------+----------+-------------------------------------------
     0 | D:1      | sokol815 the Octopode Brigand began the quest for the Orb.
     0 | D:1      | Reached XP level 1. HP: 14/14 MP: 1/1
   151 | D:1      | Reached XP level 2. HP: 19/19 MP: 2/2
   266 | D:1      | Reached skill level 3 in Short Blades
   579 | D:2      | Reached skill level 1 in Polearms
   597 | D:2      | Reached XP level 3. HP: 17/24 MP: 3/3
   648 | D:2      | Noticed Natasha
   659 | D:2      | Killed Natasha
   660 | D:2      | Reached skill level 2 in Polearms
   710 | D:2      | Noticed Robin
   714 | D:2      | Reached XP level 4. HP: 29/29 MP: 4/4
   729 | D:2      | Killed Robin
   730 | D:2      | Reached skill level 3 in Polearms
  1011 | D:2      | Noticed Natasha
  1018 | D:2      | Killed Natasha
  1019 | D:2      | Reached XP level 5. HP: 24/34 MP: 5/5
  1266 | D:2      | Noticed Natasha
  1275 | D:2      | Killed Natasha
  1276 | D:2      | Reached skill level 4 in Polearms
  1384 | D:3      | Found a stormy altar of Qazlal.
  1715 | D:3      | Found a runed translucent gate.
  1715 | D:3      | Found a runed translucent gate.
  1715 | D:3      | Found a runed translucent gate.
  1728 | D:3      | Reached skill level 5 in Polearms
  1728 | D:3      | Reached XP level 6. HP: 37/39 MP: 6/6
  1741 | D:3      | Noticed Esekla's ghost (weakling OpDe)
  1741 | D:3      | Noticed arthad's ghost (weakling FoEE)
  1762 | D:3      | Noticed ragingrage's ghost (weakling TeWr)
  1762 | D:3      | Noticed AuraOfTheDawn's ghost (amateur DrMo)
  1923 | D:3      | Found a faded altar of an unknown god.
  2394 | D:4      | Found a shimmering altar of Xom.
  2395 | D:4      | Found a hazy altar of Hepliaklqana.
  2396 | D:4      | Noticed a spectral ugly thing
  2435 | D:4      | HP: 7/39 [gnoll/+0 whip (6)]
  2438 | D:3      | HP: 2/39 [adder (2)]
  2439 | D:3      | Reached skill level 6 in Polearms
  2444 | D:3      | HP: 3/39 [poisoned by an adder]
  2571 | D:4      | Learned a level 3 spell: Frozen Ramparts
  2620 | D:4      | Reached skill level 1 in Ice Magic
  2620 | D:4      | Reached XP level 7. HP: 45/45 MP: 7/7
  2902 | D:4      | Found a glowing silver altar of Zin.
  3038 | D:5      | Entered Level 5 of the Dungeon
  3053 | D:5      | Reached skill level 2 in Ice Magic
  3160 | D:5      | Noticed Sigmund
  3164 | D:5      | Killed Sigmund
  3165 | D:5      | Reached skill level 7 in Polearms
  3165 | D:5      | Reached skill level 3 in Ice Magic
  3197 | D:5      | Noticed Duvessa
  3197 | D:5      | Noticed Dowan
  3206 | D:5      | Killed Duvessa
  3207 | D:5      | Reached XP level 8. HP: 27/50 MP: 8/8
  3211 | D:5      | Killed Dowan
  3266 | D:5      | Found Asej's Self-Improvement Boutique.
  3280 | D:5      | Reached skill level 4 in Ice Magic
  3346 | D:5      | Found a broken altar of Ashenzari.
  3711 | D:6      | Noticed Prince Ribbit
  3725 | D:5      | Killed Prince Ribbit
  3726 | D:5      | Reached skill level 8 in Polearms
  3747 | D:6      | Reached skill level 5 in Ice Magic
  3861 | D:6      | Reached skill level 9 in Polearms
  3910 | D:6      | Found Hiregats's Antique Armour Shoppe.
  4083 | D:6      | Reached XP level 9. HP: 54/54 MP: 9/9
  4094 | D:6      | Found a staircase to the Ecumenical Temple.
  4105 | Temple   | Entered the Ecumenical Temple
  4144 | Temple   | Became a worshipper of Gozag Ym Sagoz the Greedy
  4500 | D:7      | Found a runed translucent door.
  4501 | D:7      | Noticed Crazy Yiuf
  4525 | D:7      | Noticed Pikel
  4546 | D:7      | Killed Pikel
  4547 | D:7      | Reached skill level 10 in Polearms
  4997 | D:7      | Reached skill level 11 in Polearms
  5114 | D:7      | Learned a level 5 spell: Freezing Cloud
  5136 | D:7      | Noticed Menkaure
  5142 | D:7      | Killed Menkaure
  5660 | D:8      | Noticed a two-headed ogre
  5736 | D:8      | Reached skill level 12 in Polearms
  5738 | D:8      | Reached skill level 6 in Ice Magic
  5738 | D:8      | Reached XP level 10. HP: 19/60 MP: 6/10
  5812 | D:8      | Noticed a centaur warrior
  5813 | D:8      | Noticed a cyclops
  5813 | D:8      | Noticed Psyche
  5881 | D:8      | Identified the +4 war axe "Equozaoxoi" {venom, *Slow rPois
                  | Int+3}
  5962 | D:8      | Reached skill level 7 in Ice Magic
  5972 | D:8      | HP: 12/60 [killer bee (7)]
  5972 | D:8      | HP: 2/60 [gnoll/+0 halberd[a gnoll sergeant] (10)]
  6099 | D:8      | HP: 2/60 [cyclops (29)]
  6100 | D:8      | Killed a cyclops
  6107 | D:8      | Noticed a centaur warrior
  6108 | D:8      | HP: 10/60 [bullfrog (1)]
  6110 | D:8      | HP: 3/60 [centaur warrior/arrow (9)]
  6111 | D:8      | Slain by a bullfrog

Illustrated notes

Levels and vault maps discovered:
D:1:      erik_arrival_blinker_ship, layout_loops_ring, chequers_hall_statues_y
D:2:      layout_loops_cross, uniq_robin, uniq_natasha
D:3:      layout_basic, mainiacjoe_overflow_concentric_impassable,
          gammafunk_ghost_cemetery, hellmonk_ecumenical_altar_run_dry
D:4:      layout_basic, regret_index_temple_of_mockery,
          lemuel_coloured_pillars_altar
D:5:      layout_basic, nicolae_overflow_crystal_walls, nicolae_shop_self_help,
          uniq_duvessa, uniq_sigmund
D:6:      layout_cave_pools, minmay_temple_entry_crystal_x, serial_shops,
          shop_statue, uniq_prince_ribbit1
D:7:      layout_loops_corners, uniq_menkaure, uniq_crazy_yiuf_cottage,
          uniq_pikel
D:8:      cheibrodos_elevator_heist, layout_cave_pools,
          due_lair_maze_entry_diamond, serial_demonic, serial_demonic_b,
          serial_demonic_a, serial_demonic_e, serial_demonic_c, serial_shops,
          shop, kennysheep_pointless_box, uniq_psyche, uniq_erica
Temple:   dpeg_chambers_temple

Skill      XL: |  1  2  3  4  5  6  7  8  9 10 |
---------------+-------------------------------+-----
Short Blades   | 3 |  3.0
Polearms       | 1 2 3 5 6 7 9 12 | 12.0
Ice Magic      | 1 3 5 6 7 |  7.8
Fighting       | |  2.0
Throwing       | |  2.0
Dodging        | |  1.0
Stealth        | |  5.3

Action                   |  1- 3 |  4- 6 |  7- 9 | 10-12 || total
-------------------------+-------+-------+-------+-------++-------
Melee: Dagger            |    18 |       |     2 |    10 ||    30
       Constrict         |    11 |    26 |    39 |     5 ||    81
       Spear             |    34 |   135 |   237 |    38 ||   444
       Tentacles         |     2 |    24 |    65 |    13 ||   104
       Punch             |       |     2 |     5 |       ||     7
Throw: Stone             |    11 |       |       |       ||    11
       Dart              |       |       |       |     1 ||     1
 Cast: Frozen Ramparts   |       |       |     1 |     2 ||     3
  Use: Scroll            |     4 |     6 |     8 |     1 ||    19
       Potion            |       |       |       |     3 ||     3
 Stab: Sleeping          |     9 |    17 |    16 |     1 ||    43
       Distracted        |       |       |     2 |     1 ||     3
       Invisible         |       |       |       |     1 ||     1
Armor: Skin              |     2 |     3 |    11 |     4 ||    20
Dodge: Dodged            |    20 |    48 |    61 |    29 ||   158

Table legend: (Time is in decaauts)
 A = Elapsed time spent in this place.
 B = Non-inter-level travel time spent in this place.
 C = Inter-level travel time spent in this place.
 D = Time resting spent in this place.
 E = Time spent auto-exploring this place.
 F = Levels seen in this place.
 G = Mean time per level.
                   A        B        C        D        E       F      G
               +--------+--------+--------+--------+--------+-----+--------+
         Total |   5993 |   5686 |    307 |    243 |   4354 |   9 |  665.9 |
       Dungeon |   5945 |   5668 |    277 |    243 |   4339 |   8 |  743.1 |
        Temple |     47 |     17 |     30 |      0 |     15 |   1 |   47.0 |
               +--------+--------+--------+--------+--------+-----+--------+

Top non-repeatable levels by time:
     D:7: 1377 daAuts
     D:3: 969 daAuts
     D:2: 754 daAuts
     D:4: 744 daAuts
     D:5: 674 daAuts
     D:6: 587 daAuts
     D:1: 549 daAuts
     D:8: 288 daAuts
  Temple: 47 daAuts

Table legend:
 A = Kills in this place as a percentage of kills in entire the game.
 B = Kills by you in this place as a percentage of kills by you in the entire game.
 C = Kills by friends in this place as a percentage of kills by friends in the entire game.
 D = Other kills in this place as a percentage of other kills in the entire game.
 E = Experience gained in this place as a percentage of experience gained in the entire game.
 F = Experience gained in this place divided by the number of levels of this place that you have seen.
                   A       B       C       D       E      F
               +-------+-------+-------+-------+-------+----------------------
         Total | 100.0 | 100.0 |   N/A |   N/A | 100.0 | 652.6
       Dungeon | 100.0 | 100.0 |   N/A |   N/A | 100.0 | 734.1
               +-------+-------+-------+-------+-------+----------------------
